 Dungeon Crawl Stone Soup version 0.28.0-1-gb440e238dd (webtiles) character file.

Game seed: 15299523981105414333

0 spaghetti the Sneak (level 1, -1/18 HPs)
             Began as a Demonspawn Delver on Feb 19, 2022.
             Slain by a killer bee zombie (3 damage)
             ... on level 7 of the Dungeon.
             The game lasted 00:00:23 (390 turns).

spaghetti the Sneak (Demonspawn Delver)              Turns: 390, Time: 00:00:23

Health: -1/18      AC:  3    Str: 12    XL:     1   Next: 0%
Magic:  1/1        EV: 11    Int: 11    God:
Gold:   0          SH:  0    Dex: 14    Spells: 0/0 levels left

rFire   . . .      SeeInvis .   a - +0 short sword
rCold   . . .      Faith    .   (no shield)
rNeg    . . .      Spirit   .   b - +0 leather armour
rPois   .          Reflect  .   (no helmet)
rElec   .          Harm     .   (no cloak)
rCorr   .          Rampage  .   (no gloves)
Will    .....                   (no boots)
Stlth   ++........              (no amulet)
HPRegen 0.06/turn               (no ring)
MPRegen 0.07/turn               (no ring)

@: invisible
A: no striking features
a: no special abilities


You were on level 7 of the Dungeon.
You visited 1 branch of the dungeon, and saw 3 of its levels.

Inventory:

Hand Weapons
 a - a +0 short sword (weapon)
Armour
 b - a +0 leather armour (worn)
Wands
 g - a wand of digging (3)
Scrolls
 c - a scroll of fog
 d - a scroll of magic mapping
Potions
 e - a potion of invisibility
 f - a potion of haste


   Skills:
 - Level 3.0 Fighting
 - Level 1.7 Short Blades
 - Level 1.7 Dodging
 + Level 4.5 Stealth


You couldn't memorise any spells.
You didn't know any spells.
Your spell library was empty.

Dungeon Overview and Level Annotations

Branches:
Dungeon (7/15)
 Temple: D:4-7

Altars:


Message History

You see here 2 puce potions.
e - 2 puce potions The killer bee zombie closely misses you.
The killer bee zombie misses you.
You hit the killer bee zombie.
The killer bee zombie is lightly damaged.
The killer bee zombie hits you.
The killer bee zombie barely misses you.
You closely miss the killer bee zombie.
The killer bee zombie is lightly damaged.
The killer bee zombie hits you. x2
You closely miss the killer bee zombie.
The killer bee zombie is lightly damaged.
The killer bee zombie barely misses you. x2
You hit the killer bee zombie.
The killer bee zombie is moderately damaged.
The killer bee zombie hits you.
The killer bee zombie barely misses you.
It was a potion of invisibility.
You fade into invisibility!
The killer bee zombie barely misses you.
The killer bee zombie closely misses you.
You hit the killer bee zombie.
The killer bee zombie is moderately damaged.
The killer bee zombie barely misses you.
You hit the killer bee zombie but do no damage.
The killer bee zombie is moderately damaged.
The killer bee zombie barely misses you.
The killer bee zombie hits you but does no damage.
You hit the killer bee zombie.
The killer bee zombie is heavily damaged.
The killer bee zombie hits you.
* * * LOW HITPOINT WARNING * * *
The killer bee zombie hits you.
* * * LOW HITPOINT WARNING * * *
You catch the helpless killer bee zombie completely off-guard!
You hit the killer bee zombie.
The killer bee zombie is severely damaged.
The killer bee zombie hits you.
You die...

..# .. ##.. ....
#... ...#
##..##..# #
#.......## #
####.#........ ..
..........##.##..
#....@Z.##....
##......#..#
#....##.....#
...... ##....#
..... #....<#
.#.#........##
###........#
##..#..#..
#..##..###.


You could see a killer bee zombie.

Vanquished Creatures (others)
  3 fungi (D:6)
  A withered plant (D:5)
4 creatures vanquished.

Notes
Turn   | Place    | Note
-------+----------+-------------------------------------------
     0 | D:5      | spaghetti the Demonspawn Delver began the quest for the
                  | Orb.
     0 | D:5      | Reached XP level 1. HP: 18/18 MP: 1/1
     5 | D:5      | Noticed an orc priest
    22 | D:6      | Noticed an orc warrior
    22 | D:6      | Noticed an orc wizard
    22 | D:6      | Noticed an orc priest
   367 | D:6      | Noticed a sky beast
   390 | D:7      | Slain by a killer bee zombie

Illustrated notes

Levels and vault maps discovered:
D:5:      layout_loops_ring, kiku_gazebo_garden_becter,
          minmay_temple_entry_ruins, ebering_ghost_reflecting_pool
D:6:      layout_gridville, cheibrodos_ashenzari_chains,
          mainiacjoe_overflow_alcove_2, nicolae_qazlal_style_of_elements,
          mainiacjoe_overflow_boulevard, chequers_serial_rivers_large_b,
          kennysheep_generic_room_13
D:7:      minmay_flawed_box, layout_cave_pools, regret_index_temple_of_mockery,
          lemuel_doored_altar, uniq_menkaure

Action                   || total
-------------------------++-------
Melee: Short sword       ||    11
  Use: Scroll            ||     1
       Potion            ||     1
 Stab: Invisible         ||     1
Armor: Leather armour    ||     1
Dodge: Dodged            ||    11
